 Dungeon Crawl Stone Soup version 0.20.1-1-g8b1a95d (webtiles) character file.

34 Kunitse the Skirmisher (level 3, -1/23 HPs)
             Began as a Kobold Berserker on Oct 5, 2017.
             Was a Believer of Trog.
             Killed from afar by Sigmund (7 damage)
             ... with a puff of flame
             ... on level 2 of the Dungeon.
             The game lasted 00:06:07 (1398 turns).

Kunitse the Skirmisher (Kobold Berserker)           Turns: 1398, Time: 00:06:07

Health: -1/23      AC:  5    Str: 14    XL:     3   Next: 50%
Magic:  3/3        EV: 14    Int:  8    God:    Trog [**....]
Gold:   73         SH:  0    Dex: 15    Spells: 2/2 levels left

rFire    . . .     SeeInvis .   a - +0 mace
rCold    . . .     Gourm    .   (shield restricted)
rNeg     . . .     Faith    .   m - +0 ring mail
rPois    .         Spirit   .   (no helmet)
rElec    .         Reflect  .   (no cloak)
rCorr    .         Harm     .   (no gloves)
MR       .....                  (no boots)
Stlth    ++........             (no amulet)
Regen    0.1/turn               (no ring)
MPRegen  0.1/turn               (no ring)

@: no status effects
A: carnivore 3
a: Berserk, Trog's Hand, Burn Spellbooks, Renounce Religion


You were on level 2 of the Dungeon.
You worshipped Trog.
Trog was pleased with you.
You were full.

You visited 1 branch of the dungeon, and saw 2 of its levels.

You collected 73 gold pieces.

Inventory:

Hand Weapons
 a - a +0 mace (weapon)
 i - a +0 whip
Armour
 b - a +0 animal skin
 f - a +0 leather armour
 h - a +0 scale mail
 m - a +0 ring mail (worn)
Scrolls
 d - 2 scrolls of enchant weapon {unknown}
 e - 2 scrolls of identify {unknown}
 j - a scroll of remove curse {unknown}
 k - a scroll of recharging {unknown}
Potions
 g - a potion of might {unknown}
 l - a potion of degeneration {unknown}
Comestibles
 c - 2 meat rations


   Skills:
 + Level 3.5 Fighting
 + Level 3.0 Maces & Flails
 + Level 1.6 Armour
 - Level 2.4 Dodging
 * Level 3.1 Stealth


You had 2 spell levels left.
You didn't know any spells.

Dungeon Overview and Level Annotations

Branches:
Dungeon (2/15)

Altars:
Nemelex Xobeh

Annotations:
D:2 Sigmund


Innate Abilities, Weirdness & Mutations

You are small and have problems with some larger weapons.
You are carnivorous and can eat meat at any time.


Message History

The hobgoblin is severely wounded.
The hobgoblin barely misses you. Sigmund barely misses you.
The hobgoblin hits you.
You hit the hobgoblin.
You kill the hobgoblin!
Trog accepts your kill.
Sigmund hits you from afar with a scythe.
Sigmund whispers, "You'll know eternity soon."
Sigmund casts a spell at you. The magic dart hits you!
There is an open door here.
There isn't anything here!
You close the door.
Something unseen opens the door.
Sigmund points at you and mumbles some strange words.
The magic dart hits you!
* * * LOW HITPOINT WARNING * * *
Sigmund gestures at you while chanting. The puff of flame hits you!
You die...

+...@'..@..†......
#....####.........
#....@..#.........
#
##+##.#.#.#####...
.. #.#.#.# #+
#..##+##.#.#.##
#............#
#........##..#
######''@#######
########...########
####§###...#§§§§§##
###§§§##.⌠.#§§§§§##
##§§§§§#...#§§§§§##
###§§§##...#§§§§§##
####§###...#§§§§§##
########...########
#⌠......._.......⌠#


You could see Sigmund.

Vanquished Creatures
  An adder (D:2)
  A leopard gecko (D:1)
  4 bats (D:1)
  A giant cockroach (D:1)
  5 hobgoblins
  4 frilled lizards (D:1)
  2 goblins
  6 kobolds (D:1)
  A rat (D:1)
  A fungus (D:1)
26 creatures vanquished.

Notes
Turn   | Place    | Note
-------+----------+-------------------------------------------
     0 | D:1      | Kunitse the Kobold Berserker began the quest for the Orb.
     0 | D:1      | Reached XP level 1. HP: 14/14 MP: 1/1
   233 | D:1      | Reached skill level 1 in Stealth
   527 | D:1      | Reached XP level 2. HP: 15/19 MP: 2/2
   996 | D:1      | Reached XP level 3. HP: 18/23 MP: 3/3
  1289 | D:2      | Reached ** piety under Trog
  1314 | D:2      | Found a sparkling altar of Nemelex Xobeh.
  1375 | D:2      | Noticed Sigmund
  1398 | D:2      | Killed from afar by Sigmund

Skill      XL: |  1  2  3 |
---------------+----------+-----
Stealth        | 1 2 3 |  3.1
Maces & Flails | 3 |  3.0
Fighting       | |  3.5
Armour         | |  1.6
Dodging        | |  2.4

Action                   || total
-------------------------++-------
Melee: Mace              ||   108
 Stab: Sleeping          ||     1
  Eat: Chunk             ||     7
Armor: Animal skin       ||    20
       Ring mail         ||     4
Dodge: Dodged            ||    98
